 Dungeon Sprint DCSS version 0.27.1-34-g3ba077fa99 (webtiles) character file.

Game seed: 8524246074669244914

112 Karpo the Covert (level 4, -7/21 HPs)
             Began as a Spriggan Enchanter on Feb 8, 2022.
             Mangled by Sigmund (12 damage)
             ... in the Dungeon (Sprint I: "Red Sonja").
             The game lasted 00:00:44 (110 turns).

Karpo the Covert (Spriggan Enchanter)                Turns: 110, Time: 00:00:44

Health: -7/21      AC:  2    Str:  4    XL:     4   Next: 64%
Magic:  6/9        EV: 17    Int: 17    God:
Gold:   54         SH:  0    Dex: 15    Spells: 2/8 levels left

rFire    . . .     SeeInvis +   a - +1 dagger
rCold    . . .     Faith    .   (shield restricted)
rNeg     . . .     Spirit   .   b - +0 robe
rPois    .         Reflect  .   (helmet restricted)
rElec    .         Harm     .   (no cloak)
rCorr    .         Rampage  .   (gloves unavailable)
Will     .....     NoTele   +   (boots unavailable)
Stlth    ++++++....             (no amulet)
HPRegen  0.07/turn              (no ring)
MPRegen  0.11/turn              (no ring)

@: confusing by touch, very quick
A: very small, no large weapons, unfitting armour, see invisible, speed 3
a: no special abilities


You were in the Dungeon.
You visited 1 branch You collected 54 gold pieces.

Inventory:

Hand Weapons
 a - a +1 dagger (weapon)
Armour
 b - a +0 robe (worn)
Scrolls
 h - a scroll of blinking
Potions
 c - a potion of curing
 d - a potion of heal wounds
 e - a potion of haste
 f - 2 potions of magic
 g - a potion of berserk rage


   Skills:
 - Level 1.1 Short Blades
 - Level 2.6 Dodging
 + Level 14.2 Stealth
 - Level 2.6 Spellcasting
 - Level 3.6 Hexes


You had 2 spell levels left.
You knew the following spells:

 Your Spells              Type           Power      Damage    Failure   Level
a - Corona                Hex            15%        N/A       4%          1
b - Ensorcelled Hibernat  Hex/Ice        16%        N/A       13%         2
c - Confusing Touch       Hex            14%        N/A       12%         3

Your spell library contained the following spells:

 Spells                   Type           Power      Damage    Failure   Level
 Tukima's Dance           Hex            14%        N/A       12%         3
 Dazzling Flash           Conj/Hex       16%        N/A       26%         3


Dungeon Overview and Level Annotations

Branches:
Dungeon (1/1)

Altars:

Annotations:
D Sigmund


Innate Abilities, Weirdness & Mutations

You are very small and have problems with some larger weapons.
You are too small for most types of armour.
You have supernaturally acute eyesight. (SInv)
You cover ground extremely quickly. (Speed+++)


Message History

You now have 27 gold pieces.
You now have 54 gold pieces (gained 27).
There is an open door here.
You open the door.
Sigmund the Dreaded comes into view.
He is wielding a +0 scythe.
There is an open door here.
Sigmund shouts!
Sigmund casts a spell.
Sigmund flickers and vanishes for a moment.
You hit Sigmund.
Sigmund is lightly wounded.
Sigmund gestures at you while chanting.
You are confused.
You're too confused to cast spells.
You bump into the rock wall.
Sigmund closely misses you.
Unknown command.
You bump into the rock wall.
You bump into the rock wall.
Sigmund misses you.
You're too confused to move!
Sigmund gestures at you while chanting. The puff of flame hits you!
Ouch! That really hurt!
There is an open door here.
Sigmund barely misses you.
There is an open door here.
Sigmund hits you with a +0 scythe.
* * * LOW HITPOINT WARNING * * *
You feel less confused.
There is an open door here.
You see here a +0 giant spiked club.
Sigmund hits you but does no damage.
You see here a +0 giant spiked club.
Cast which spell? (? or * to list)
The spell is extremely dangerous to cast (12% risk of failure)!
Continue anyway? [Y]es or [N]o only, please.
The spell is extremely dangerous to cast (12% risk of failure)!
Continue anyway?
Your hands begin to glow red.
Sigmund hits you with a +0 scythe!
Ouch! That really hurt!
You die...

#############
#<.#.)'..#..+
#..'..#.)@@.#
#..#####'####
#..# #..#
#..# ####
#..# #⌠⌠#
####


You could see Sigmund (invisible).

Vanquished Creatures
  An ogre (D)
  Ijyb (D)
2 creatures vanquished.

Notes
Turn   | Place    | Note
-------+----------+-------------------------------------------
     0 | D        | Karpo the Spriggan Enchanter began the quest for the Orb.
     0 | D        | Reached XP level 1. HP: 9/9 MP: 5/5
     2 | D        | Noticed Ijyb
    13 | D        | Killed Ijyb
    14 | D        | Reached skill level 10 in Stealth
    14 | D        | Reached XP level 2. HP: 10/13 MP: 6/6
    77 | D        | Learned a level 2 spell: Ensorcelled Hibernation
    77 | D        | Noticed an ogre
    80 | D        | Killed an ogre
    81 | D        | Reached skill level 14 in Stealth
    81 | D        | Reached XP level 3. HP: 16/16 MP: 8/8
    81 | D        | Reached XP level 4. HP: 21/21 MP: 9/9
    86 | D        | Learned a level 3 spell: Confusing Touch
    93 | D        | Noticed Sigmund
   110 | D        | Mangled by Sigmund

Illustrated notes

Levels and vault maps discovered:
D:        dungeon_sprint_1 [red_sonja_temple_1, red_sonja_temple_small_1]

Skill      XL: |  1  2 |
---------------+-------+-----
Stealth        | 10 14 | 14.2
Short Blades   | |  1.1
Dodging        | |  2.6
Spellcasting   | |  2.6
Hexes          | |  3.6

Action                   |  1- 3 |  4- 6 || total
-------------------------+-------+-------++-------
Melee: Dagger            |    11 |     1 ||    12
 Cast: Confusing Touch   |       |     1 ||     1
 Stab: Sleeping          |     2 |       ||     2
Armor: Robe              |       |     1 ||     1
Dodge: Dodged            |     7 |     3 ||    10
